Map: Акрополь РВ

Players

Murena

  • Race: Protoss Protoss
  • Spawn Location: 5:00

ИИ 1 (эксперт) - Winner!

  • Race: Terran Terran
  • Spawn Location: 11:00

VOD

Have the link to the VOD?

Description

Time

  • Played on: Aug. 6, 2019, 2:38 p.m.
  • Length: 11:27
Show
View Real Time Build Order
Export as new Build Order

Murena Protoss 

Build Orders: Double Forge 

Get SALT Encoding   

  1  0:00  Probe  
  12  0:05  Probe  
  14  0:18  Pylon  
  14  0:21  Probe  
  15  0:40  Probe, Gateway  
  16  0:52  Gateway  
  16  0:56  Probe  
  17  1:04  Probe  
  17  1:05  Pylon  
  18  1:12  Probe, Assimilator  
  19  1:28  Zealot, Gateway  
  21  1:33  Probe  
  22  1:42  Zealot  
  24  1:48  Cybernetics Core  
  24  1:54  Probe  
  25  2:02  Pylon  
  25  2:06  Probe  
  26  2:09  Zealot  
  26  2:14  Zealot  
  30  2:19  Probe  
  31  2:23  Zealot  
  33  2:31  Probe, Assimilator  
  33  2:34  Warp Gate  
  34  2:45  Twilight Council  
  34  2:46  Probe  
  35  2:55  Stalker  
  37  3:00  Zealot  
  39  3:09  Pylon  
  39  3:31  Nexus  
  39  3:37  Probe  
  39  3:41  Stalker  
  42  3:52  Probe  
  42  3:53  Pylon  
  43  4:06  Probe  
  44  4:11  Sentry  
  44  4:15  Sentry  
  48  4:23  Stargate  
  48  4:24  Probe  
  49  4:39  Probe  
  49  4:41  Forge  
  49  4:43  Probe  
  49  4:44  Forge  
  51  4:51  Stalker x2  
  55  4:57  Probe  
  55  4:58  Pylon  
  55  5:00  Probe  
  57  5:11  Stalker  
  59  5:23  Zealot x2  
  59  5:24  Probe  
  59  5:26  Probe  
  65  5:29  Protoss Ground Weapons Level 1  
  65  5:32  Protoss Ground Armor Level 1, Probe  
  65  5:38  Probe  
  67  5:51  Probe  
  67  5:53  Nexus  
  67  5:55  Probe  
  67  5:57  Assimilator  
  69  5:59  Assimilator  
  69  6:01  Sentry x2  
  73  6:06  Shield Battery  
  73  6:08  Shield Battery  
  73  6:13  Probe  
  74  6:23  Zealot, Shield Battery  
  76  6:31  Phoenix  
  78  6:39  Pylon  
  78  6:41  Pylon  
  78  6:50  Pylon x2  
  78  6:53  Robotics Facility  
  78  6:55  Robotics Facility  
  78  6:57  Probe x2  
  80  7:03  Stalker  
  80  7:04  Stalker  
  80  7:06  Sentry  
  86  7:09  Probe x3  
  89  7:17  Probe  
  89  7:22  Probe x2  
  92  7:26  Probe  
  92  7:29  Stalker  
  95  7:31  Pylon  
  95  7:34  Pylon  
  95  7:38  Protoss Ground Armor Level 2  
  95  7:39  Zealot  
  95  7:40  Protoss Ground Weapons Level 2, Zealot  
  95  7:42  Probe x2  
  95  7:44  Probe  
  102  7:54  Probe x2  
  102  7:55  Photon Cannon  
  102  7:56  Probe  
  105  7:59  Photon Cannon  
  105  8:02  Photon Cannon  
  105  8:08  Probe x2, Shield Battery  
  105  8:09  Probe  
  105  8:10  Shield Battery  
  108  8:16  Probe  
  108  8:17  Probe x2  
  108  8:24  Zealot x3  
  108  8:25  Probe  
  117  8:30  Immortal  
  122  8:37  Immortal  
  126  8:41  Probe x2  
  126  8:42  Probe  
  129  8:53  Probe x2  
  131  8:57  Nexus  
  131  9:01  Pylon  
  131  9:03  Void Ray  
  131  9:10  Sentry x3  
  131  9:16  Pylon  
  141  9:18  Pylon  
  141  9:37  Gateway  
  141  9:38  Gateway  
  141  9:40  Gateway  
  141  9:43  Stalker x3, Gateway  
  147  9:45  Gateway  
  84  10:13  Stalker x3  
  70  10:34  Phoenix  
  62  10:47  Zealot x5  
  62  10:48  Zealot x3  
  88  11:09  Nexus  
  88  11:11  Stalker x4  
  92  11:12  Stalker x2  
  92  11:13  Pylon  
  92  11:14  Pylon  
  92  11:16  Sentry x2  
  92  11:17  Pylon  
Show
View Real Time Build Order
Export as new Build Order

ИИ 1 (эксперт) Terran - Winner!

Build Orders: Mech 

Get SALT Encoding   

  12  0:00  SCV  
  13  0:13  SCV  
  14  0:18  Supply Depot  
  14  0:25  SCV  
  15  0:28  Refinery  
  15  0:40  SCV  
  16  0:46  Barracks  
  16  0:52  SCV  
  17  1:04  SCV  
  17  1:08  Supply Depot  
  18  1:16  SCV  
  19  1:28  SCV  
  20  1:36  Marine  
  20  1:38  Factory  
  21  1:42  Barracks  
  21  1:45  SCV  
  22  1:54  Marine  
  22  1:57  SCV  
  24  2:02  Supply Depot  
  24  2:09  SCV  
  24  2:12  Marine  
  26  2:21  SCV  
  26  2:22  Factory Tech Lab  
  27  2:29  Marine  
  27  2:33  SCV  
  27  2:34  Marine  
  30  2:42  Siege Tank  
  33  2:45  SCV  
  34  3:03  Command Center  
  34  3:09  Orbital Command  
  34  3:15  Refinery  
  34  3:32  Marine  
  34  3:33  Factory  
  35  3:35  Marine  
  35  3:39  SCV  
  37  3:51  SCV  
  38  4:03  SCV  
  38  4:04  Supply Depot  
  39  4:15  SCV x2  
  41  4:17  Factory Tech Lab  
  41  4:21  Siege Tank  
  44  4:27  SCV x2  
  46  4:35  Siege Tank  
  46  4:38  Marine  
  49  4:39  SCV x2  
  49  4:40  Supply Depot  
  52  4:48  Supply Depot  
  52  4:51  SCV x2  
  54  4:55  Siege Tank  
  57  5:03  SCV x2  
  57  5:04  Supply Depot  
  59  5:08  Hellion  
  59  5:11  Refinery  
  61  5:15  SCV x2  
  61  5:16  Barracks Tech Lab, Refinery  
  63  5:27  Orbital Command, Hellion  
  63  5:28  SCV  
  66  5:29  Hellion  
  68  5:37  Marauder  
  68  5:38  Armory  
  68  5:40  SCV  
  71  5:49  Hellion  
  73  5:50  Command Center  
  73  5:52  SCV  
  74  5:59  Marauder  
  76  6:06  SCV  
  76  6:07  SCV, Supply Depot  
  78  6:16  Armory  
  78  6:18  SCV  
  79  6:19  SCV  
  79  6:20  Marauder  
  82  6:26  Terran Vehicle And Ship Armor Level 1  
  82  6:29  Factory  
  82  6:30  SCV  
  82  6:31  SCV  
  82  6:32  Supply Depot  
  84  6:36  Siege Tank  
  87  6:41  Marauder  
  87  6:42  SCV  
  87  6:43  Engineering Bay  
  90  6:50  Engineering Bay  
  90  6:56  Supply Depot  
  90  6:57  Siege Tank  
  93  7:02  SCV  
  93  7:03  SCV x2, Marauder  
  93  7:06  Terran Vehicle Weapons Level 1  
  93  7:08  Terran Infantry Armor Level 1, Hellion  
  100  7:12  Hellion  
  100  7:13  Infernal Pre-Igniter  
  100  7:14  SCV  
  100  7:15  SCV  
  104  7:16  SCV, Terran Infantry Weapons Level 1  
  104  7:18  Marine  
  106  7:23  Missile Turret  
  106  7:24  Marauder  
  106  7:26  SCV  
  106  7:27  SCV  
  106  7:29  SCV  
  111  7:31  Missile Turret  
  111  7:33  Supply Depot  
  111  7:36  Marine  
  112  7:38  Missile Turret, SCV  
  112  7:39  SCV  
  112  7:42  Missile Turret, SCV  
  115  7:45  Cyclone  
  115  7:48  Cyclone  
  115  7:50  SCV  
  124  7:51  SCV, Hellion  
  124  7:55  SCV  
  126  7:59  Marine  
  126  8:00  Marine, Supply Depot  
  126  8:02  SCV  
  126  8:04  SCV  
  130  8:07  SCV  
  133  8:12  Hellion  
  133  8:13  Missile Turret  
  133  8:19  Orbital Command  
  133  8:22  Widow Mine  
  133  8:23  Widow Mine  
  133  8:24  Stimpack  
  133  8:25  Starport  
  137  8:27  Supply Depot  
  137  8:34  Missile Turret, Widow Mine  
  139  8:42  Refinery  
  139  8:44  Barracks  
  139  8:45  Barracks Reactor  
  139  8:48  Command Center  
  139  8:49  Widow Mine  
  139  8:51  Supply Depot  
  141  8:55  Missile Turret  
  141  9:01  Medivac  
  143  9:05  Terran Vehicle Weapons Level 2  
  143  9:08  Refinery  
  143  9:15  Supply Depot  
  143  9:26  Hellion  
  143  9:28  Missile Turret  
  143  9:31  SCV  
  146  9:32  Medivac  
  146  9:35  Missile Turret  
  148  9:39  Starport  
  148  9:41  Supply Depot  
  148  9:42  Hellion  
  148  9:43  Barracks, Barracks Tech Lab  
  150  9:53  Marauder  
  150  9:57  Missile Turret, Siege Tank  
  150  9:58  Marine  
  140  10:01  Marine, Marauder  
  140  10:02  Hellion  
  140  10:03  Planetary Fortress  
  140  10:04  Refinery, Hellion, Medivac  
  140  10:05  Missile Turret  
  127  10:08  Missile Turret  
  119  10:14  Marine  
  119  10:16  Marine, Starport Tech Lab  
  119  10:19  Marine  
  115  10:23  Marauder, Hellion  
  115  10:25  Widow Mine  
  112  10:29  Marine, Widow Mine  
  112  10:33  Marauder  
  112  10:34  Marine, Raven  
  120  10:36  Refinery  
  120  10:37  Marine  
  118  10:44  Marauder  
  118  10:45  Siege Tank  
  118  10:46  Hellion  
  118  10:47  Marine  
  118  10:49  Command Center  
  126  10:50  Siege Tank  
  126  10:52  Marine  
  126  10:54  Marine, Marauder  
  133  11:01  Factory  
  133  11:05  Marine  
  133  11:08  Marine  
  133  11:09  Factory Tech Lab  
  150  11:26  Missile Turret  
Tags
 
Composition
Mech
Matchup
ПvТ
Spawn Locations
Cross Positions
Add a new tag
Caveats
  • Supply blocks, unpowered buildings, or Contaminate may cause inaccurate times.
  • Supply counts are checked every 10 seconds.